 Dungeon Crawl Stone Soup version 0.31-a0-675-g238779eb0a (webtiles) character file.

Game seed: 3081272632397222131

170 Xavori the Sneak (level 5, 0/33 HPs)
             Began as an Octopode Chaos Knight on Sept 5, 2023.
             Was a Plaything of Xom.
             Slain by an endoplasm (1 damage)
             ... on level 3 of the Dungeon.
             The game lasted 00:01:49 (10619 turns).

Xavori the Sneak (Octopode Chaos Knight)           Turns: 10619, Time: 00:01:50

Health: 0/33       AC:  1    Str: 15    XL:     5   Next: 50%
Magic:  5/5        EV: 10    Int: 13    God:    Xom [*.....]
Gold:   157        SH:  0    Dex: 13    Spells: 4/4 levels left

rFire   . . .        a - +0 short sword (chaos)
rCold   . . .        (no shield)
rNeg    . . .        (helmet restricted)
rPois   +            (no amulet)
rElec   +            j - ring of poison resistance
rCorr   .            (no ring)
SInv    .            (no ring)
Will    .....        (no ring)
Stlth   ++++         (no ring)
HPRegen 0.25/turn    (no ring)
MPRegen 0.09/turn    (no ring)
                     (no ring)

%: no passive effects
@: mighty, constricted
A: almost no armour, amphibious, 8 rings, camouflage 1, gelatinous body 1,
(nimble swimmer 1), tentacles, tentacle spike 1, frail 1, electricity
resistance, strong 1, inability to drink after injury 1
a: Renounce Religion


You were on level 3 of the Dungeon.
You worshipped Xom.
You were a special plaything of Xom.
You visited 1 branch of the dungeon, and saw 3 of its levels.

You collected 157 gold pieces.

Inventory:

Hand Weapons
 a - a +0 short sword of chaos (weapon)
Jewellery
 j - a ring of poison resistance (left tentacle)
Scrolls
 b - a scroll of butterflies
 d - a scroll of amnesia {unknown}
 f - a scroll of enchant armour {unknown}
 g - 3 scrolls of identify {unknown}
 k - 2 scrolls of teleportation {unknown}
 m - a scroll of blinking {unknown}
Potions
 c - 3 potions of might
 e - a potion of heal wounds {unknown}
 h - a potion of degeneration {unknown}
 i - a potion of attraction {unknown}
 l - 2 potions of lignification {unknown}


   Skills:
 + Level 4.0 Fighting
 + Level 3.9 Short Blades
 + Level 3.0 Dodging
 + Level 4.1 Stealth


You had 4 spell levels left.
You didn't know any spells.
Your spell library contained the following spells:

 Spells                   Type           Power      Damage    Failure   Level
 Blink                    Tloc           0%         N/A       43%         2
 Lesser Beckoning         Tloc           0%         N/A       43%         2
 Momentum Strike          Conj/Tloc      0%         3d8       43%         2
 Summon Lightning Spire   Summ/Air       0%         N/A       97%         4
 Lee's Rapid Deconstruct  Erth           0%         3d4*      100%        5
 Animate Armour           Summ/Erth      Unusable   N/A       N/A         4

Dungeon Overview and Level Annotations

Branches:
Dungeon (3/15)

Altars:


Innate Abilities, Weirdness & Mutations

You cannot wear most types of armour.
You are amphibious.
You can wear up to eight rings at the same time.
Your skin changes colour to match your surroundings (Stealth+).
Your rubbery body absorbs attacks. (AC +1, EV +1)
((You are camouflaged when in or above water. (Stealth+)))
You have tentacles for arms and can constrict up to eight enemies at once.
One of your tentacles bears a spike.
You are frail. (-10% HP)
You are resistant to electric shocks. (rElec)
Your muscles are strong. (Str +4, Int/Dex -1)
You occasionally lose the ability to drink potions when taking damage.


Message History

Key pressed, stopping explore.
No target in view!
Key pressed, stopping explore.
No target in view!
Key pressed, stopping explore.
No target in view!
Key pressed, stopping explore.
No target in view!
Key pressed, stopping explore.
No target in view!
No target in view!
You now have 157 gold pieces (gained 8).
A goblin comes into view. It is wielding a +0 dagger.
Unknown command.
A goblin is nearby!
A goblin is nearby!
An endoplasm and a ball python come into view.
Found a scroll labelled YMOUJO NISHRASY.
The goblin shouts!
The ball python hisses angrily.
The goblin hits you but does no damage.
You hit the goblin.
The goblin changes into a shapeshifter!
You grab the shapeshifter.
The shapeshifter is severely wounded.
You constrict the shapeshifter.
You lose your grip on the meliai.
The shapeshifter changes into a meliai!
The endoplasm freezes you.
You are frozen.
It was a potion of might.
You feel very mighty all of a sudden.
Xom thinks this is hilarious!
The meliai changes into a harpy!
The endoplasm hits you.
You hit the harpy. You freeze the harpy. You grab the harpy.
The harpy is lightly wounded.
You constrict the harpy. The ball python misses you. The ball python grabs you.
The ball python constricts you. The harpy claws you! x2
* * * LOW HITPOINT WARNING * * *
The endoplasm jiggles.
The endoplasm hits you.
You die...
Xom roars with laughter!

### #.? #####.######.
##................ .
.................#
....#.H.S...........
.......@J#####....#
.##.####.#........###.
....................
##......#.........$.
####..#.........# #
##.......)....#
..#.....####.#...#
........###......#####
.....##..##...........


You could see a harpy shaped shifter, an endoplasm and a ball python.

Vanquished Creatures
  A black bear (shapeshifter) (D:2)
  5 adders
  A worm (D:2)
  6 ball pythons
  4 endoplasms
  4 hobgoblins
  A jackal (D:2)
  A quokka (D:2)
  4 bats
  2 frilled lizards (D:2)
  5 kobolds
  A rat (D:1)
35 creatures vanquished.

Notes
Turn   | Place    | Note
-------+----------+-------------------------------------------
     0 | D:1      | Xavori the Octopode Chaos Knight began the quest for the
                  | Orb.
     0 | D:1      | Reached XP level 1. HP: 16/16 MP: 1/1
   468 | D:1      | XOM: silly message
   494 | D:1      | XOM: silly message
   552 | D:1      | Reached XP level 2. HP: 15/21 MP: 2/2
  1422 | D:1      | XOM is BORED!
  1642 | D:1      | XOM: noise
  1957 | D:1      | XOM: silly message
  2399 | D:1      | XOM: god gift: book of Iron
  2445 | D:1      | XOM: god gift: robe {god gift}
  2492 | D:1      | XOM: cloud trail
  2812 | D:1      | XOM: divination: detect items
  3312 | D:1      | XOM: scenery: 1 fountains blood, 1 doors close
  3365 | D:1      | XOM: scenery: 1 doors open
  3906 | D:1      | XOM: silly message
  4664 | D:1      | XOM: god gift: 17 gold pieces
  5456 | D:1      | XOM: scenery: summon butterflies
  5567 | D:1      | XOM: summons 4 hostile shadow creatures
  6807 | D:1      | XOM: give mutation
  6807 | D:1      | Gained mutation: Your body sometimes deteriorates upon
                  | taking damage. [Xom's mischief]
  7188 | D:1      | XOM: give mutations
  7188 | D:1      | Gained mutation: You have hidden genetic potential. [Xom's
                  | mischief]
  7188 | D:1      | Gained mutation: One of your tentacles bears a spike.
                  | [Xom's mischief]
  7188 | D:1      | Gained mutation: One of your tentacles bears a nasty spike.
                  | [Xom's mischief]
  7188 | D:1      | Gained mutation: Your flesh is cold resistant. (rC+) [Xom's
                  | mischief]
  7212 | D:1      | XOM: give mutations
  7212 | D:1      | Gained mutation: Your muscles are strong. (Str +4, Int/Dex
                  | -1) [Xom's mischief]
  7212 | D:1      | Lost mutation: One of your tentacles bears a nasty spike.
                  | [Xom's mischief]
  7212 | D:1      | Gained mutation: You are resistant to electric shocks.
                  | (rElec) [Xom's mischief]
  7212 | D:1      | Gained mutation: Your spells are a little harder to cast,
                  | but a little more powerful. [Xom's mischief]
  7653 | D:1      | XOM: silly message
  8269 | D:1      | XOM: noise
  8376 | D:1      | XOM: stat loss: -1 Int (12/13)
  8992 | D:1      | XOM is BORED!
  8992 | D:1      | XOM: give mutations
  8992 | D:1      | Lost mutation: Your body sometimes deteriorates upon taking
                  | damage. [Xom's mischief]
  8992 | D:1      | Lost mutation: Your spells are a little harder to cast, but
                  | a little more powerful. [Xom's mischief]
  8992 | D:1      | Lost mutation: Your flesh is cold resistant. (rC+) [Xom's
                  | mischief]
  9369 | D:1      | XOM: stat loss: -1 Dex (9/10)
  9467 | D:1      | XOM: give mutations
  9467 | D:1      | Gained mutation: You occasionally lose the ability to drink
                  | potions when taking damage. [Xom's mischief]
  9467 | D:1      | Gained mutation: You are frail. (-10% HP) [Xom's mischief]
  9467 | D:1      | Lost mutation: You have hidden genetic potential. [Xom's
                  | mischief]
  9607 | D:1      | XOM: summons 1 hostile shadow creature
  9696 | D:2      | Reached skill level 1 in Stealth
  9741 | D:2      | Reached XP level 3. HP: 21/23 MP: 3/3
 10057 | D:2      | Reached XP level 4. HP: 14/27 MP: 4/4
 10153 | D:2      | XOM: fog
 10324 | D:2      | a hobgoblin changed into a shapeshifter
 10324 | D:2      | Noticed a shapeshifter (shapeshifter)
 10324 | D:2      | a shapeshifter changed into a black bear
 10324 | D:2      | Noticed a black bear (shapeshifter)
 10329 | D:2      | Killed a black bear
 10330 | D:2      | Reached XP level 5. HP: 17/33 MP: 5/5
 10617 | D:3      | a goblin changed into a shapeshifter
 10617 | D:3      | Noticed a shapeshifter (shapeshifter)
 10617 | D:3      | a shapeshifter changed into a meliai
 10617 | D:3      | Noticed a meliai (shapeshifter)
 10618 | D:3      | a meliai changed into a harpy
 10618 | D:3      | Noticed a harpy (shapeshifter)
 10619 | D:3      | HP: 1/33 [harpy (shapeshifter) (14)]
 10619 | D:3      | Slain by an endoplasm

Illustrated notes

Levels and vault maps discovered:
D:1:      nicolae_arrival_somewhat_less_tricky_arrival, layout_loops_ring,
          chequers_jeans, minmay_domino_4
D:2:      minmay_diamond_boxcup, layout_loops_ring
D:3:      cheibrodos_helix_gallery, layout_rooms, serial_shops,
          nicolae_shop_bloodbath_and_beyond, nicolae_shop_waterfront, shop,
          uniq_grinder

Skill      XL: |  1  2  3  4  5 |
---------------+----------------+-----
Stealth        | 1 2 4 |  4.1
Dodging        | 3 |  3.0
Fighting       | 4 |  4.0
Short Blades   | |  3.9

Action                     |  1- 3 |  4- 6 || total
---------------------------+-------+-------++-------
  Melee: Short sword       |    54 |    19 ||    73
         Constrict         |    16 |     6 ||    22
         Tentacles         |     9 |     3 ||    12
         Kick              |     7 |     7 ||    14
    Use: Potion            |       |     1 ||     1
   Stab: Sleeping          |     3 |     2 ||     5
         Distracted        |     1 |       ||     1
 Armour: Skin              |    15 |    12 ||    27
  Dodge: Dodged            |    40 |    13 ||    53

Table legend: (Time is in decaauts)
 A = Elapsed time spent in this place.
 B = Non-inter-level travel time spent in this place.
 C = Inter-level travel time spent in this place.
 D = Time resting spent in this place.
 E = Time spent auto-exploring this place.
 F = Levels seen in this place.
 G = Mean time per level.
                   A        B        C        D        E       F      G
               +--------+--------+--------+--------+--------+-----+--------+
         Total |  10607 |  10514 |     93 |   8735 |   1563 |   3 | 3535.7 |
       Dungeon |  10607 |  10514 |     93 |   8735 |   1563 |   3 | 3535.7 |
               +--------+--------+--------+--------+--------+-----+--------+

Top non-repeatable levels by time:
     D:1: 9401 daAuts
     D:2: 1181 daAuts
     D:3: 24 daAuts
